Map: 贝克特工业-天梯版

Players

夜蝶蝶蝶蝶蝶蝶蝶 (Firefly) - Winner!

  • Race: Protoss Protoss

iGCoffeeMs (Coffee)

  • Race: Terran Terran
  • League: Master

Event: DreamHack SC2 Masters 2021 Summer

VOD

Have the link to the VOD?

Description

Time

  • Played on: May 28, 2021, 8:59 a.m.
  • Length: 7:18

All games in this series

Show
View Real Time Build Order
Export as new Build Order

夜蝶蝶蝶蝶蝶蝶蝶 Protoss - Winner!

Build Orders: 1 Gate Expand 

Get SALT Encoding   

  12  0:00  Probe  
  13  0:12  Probe  
  14  0:17  Pylon  
  14  0:24  Probe  
  15  0:36  Gateway  
  15  0:37  Probe (Chrono Boost)  
  16  0:47  Probe (Chrono Boost), Assimilator  
  17  0:52  Probe (Chrono Boost)  
  18  1:04  Probe  
  19  1:16  Probe  
  20  1:23  Cybernetics Core  
  20  1:42  Nexus  
  20  1:46  Probe  
  20  1:52  Pylon  
  20  1:54  Assimilator  
  20  1:58  Adept (Chrono Boost)  
  22  2:05  Probe  
  23  2:17  Probe  
  23  2:18  Adept (Chrono Boost)  
  26  2:29  Probe  
  27  2:41  Probe, Stargate  
  28  2:45  Warp Gate  
  28  2:49  Adept  
  30  2:55  Probe (Chrono Boost)  
  32  2:59  Probe (Chrono Boost)  
  32  3:04  Probe (Chrono Boost)  
  33  3:07  Probe (Chrono Boost)  
  33  3:12  Probe (Chrono Boost)  
  34  3:18  Void Ray  
  36  3:23  Probe (Chrono Boost)  
  36  3:24  Probe (Chrono Boost)  
  41  3:27  Pylon  
  41  3:30  Probe (Chrono Boost)  
  41  3:31  Probe (Chrono Boost)  
  43  3:41  Probe  
  43  3:44  Probe  
  45  3:55  Probe (Chrono Boost), Void Ray  
  46  3:56  Gateway  
  46  3:57  Gateway  
  46  4:01  Probe (Chrono Boost)  
  51  4:04  Pylon  
  51  4:07  Assimilator  
  51  4:09  Probe (Chrono Boost)  
  52  4:14  Probe (Chrono Boost)  
  52  4:16  Shield Battery  
  53  4:19  Probe  
  54  4:25  Probe  
  54  4:28  Twilight Council  
  54  4:30  Void Ray  
  55  4:33  Probe  
  55  4:37  Probe  
  61  4:40  Pylon  
  61  4:56  Gateway  
  61  4:58  Gateway  
  61  4:59  Pylon, Void Ray  
  61  5:01  Gateway, Resonating Glaives (Chrono Boost)  
  61  5:05  Gateway  
  63  5:16  Adept x2  
  67  5:21  Adept  
  67  5:25  Pylon  
  69  5:36  Void Ray  
  69  5:38  Adept x2  
  77  5:46  Adept  
  77  5:49  Gateway  
  79  5:51  Pylon  
  79  6:13  Void Ray  
  79  6:16  Adept x5  
  93  6:28  Pylon  
  83  6:47  Adept x3  
  83  6:48  Adept x5  
  79  7:10  Adept x3  
  79  7:11  Zealot x4  
Show
View Real Time Build Order
Export as new Build Order

iGCoffeeMs Terran 

Build Orders: Reaper Expand 

Get SALT Encoding   

  12  0:00  SCV  
  13  0:12  SCV  
  14  0:17  Supply Depot  
  14  0:24  SCV  
  15  0:38  SCV  
  15  0:40  Barracks  
  16  0:43  Refinery  
  16  0:50  SCV  
  17  1:03  SCV  
  18  1:15  SCV  
  19  1:26  Reaper  
  19  1:27  Orbital Command  
  20  1:45  Command Center  
  20  1:57  SCV, Bunker  
  21  2:02  Marine  
  21  2:08  Supply Depot  
  22  2:13  SCV  
  23  2:20  Factory  
  23  2:29  Marine  
  24  2:30  SCV  
  25  2:42  Barracks  
  25  2:43  SCV  
  26  2:47  Barracks Reactor  
  25  2:55  SCV, Barracks  
  26  3:01  Orbital Command  
  26  3:04  Factory Tech Lab  
  26  3:10  Refinery  
  26  3:11  SCV  
  27  3:22  Cyclone  
  27  3:24  SCV  
  31  3:28  Marine x2  
  31  3:31  Barracks Tech Lab  
  31  3:32  SCV  
  33  3:36  SCV  
  34  3:43  Barracks Tech Lab  
  34  3:46  Marine x2  
  36  3:48  SCV  
  36  3:49  Stimpack  
  36  3:51  SCV  
  38  3:57  Supply Depot  
  38  4:01  SCV  
  39  4:03  Marine x2  
  41  4:11  Siege Tank  
  41  4:13  SCV x2  
  46  4:19  Supply Depot  
  46  4:21  Marine x2  
  46  4:23  Marine  
  49  4:30  Marine, Engineering Bay  
  50  4:34  SCV x2  
  52  4:43  Siege Tank  
  55  4:45  Supply Depot  
  55  4:50  Marine x2  
  55  4:51  Marine  
  57  4:54  Marine  
  57  4:57  SCV  
  57  4:59  SCV  
  60  5:08  Marine x2  
  60  5:09  Marine  
  60  5:10  SCV  
  60  5:11  Marine  
  65  5:16  SCV  
  65  5:18  Supply Depot  
  65  5:21  Siege Tank  
  69  5:24  SCV  
  70  5:29  SCV  
  70  5:38  Starport  
  70  5:40  Marine x4  
  70  5:41  Bunker  
  74  5:43  SCV x2  
  74  5:44  Supply Depot  
  74  5:47  Missile Turret  
  76  5:55  SCV x2  
  77  6:05  Marine x2  
  78  6:12  Marine  
  78  6:14  Marine  
  78  6:16  Starport Reactor, Siege Tank  
  78  6:21  Supply Depot  
  78  6:22  SCV x2, Supply Depot  
  80  6:26  Supply Depot  
  80  6:30  Supply Depot  
  80  6:31  Refinery  
  80  6:37  Supply Depot  
  80  6:42  Marine x4  
  68  7:00  Marine x3  
  62  7:06  SCV  
Tags
 
Add a new tag
Caveats
  • Supply blocks, unpowered buildings, or Contaminate may cause inaccurate times.
  • Supply counts are checked every 10 seconds.